 Dungeon Crawl Stone Soup version 0.29.1-15-g9cfb28693d (webtiles) character file.

Game seed: 9319089886304137424

7 Heoruswealwe the Digger (level 1, 10/10 HPs)
             Began as a Deep Elf Earth Elementalist on Apr 16, 2023.
             Was a Follower of Qazlal.
             Got out of the dungeon alive.
             The game lasted 00:00:47 (93 turns).

Heoruswealwe the Digger (Deep Elf Earth Elementalist) Turns: 93, Time: 00:00:48

Health: 10/10      AC:  2    Str:  5    XL:     1   Next: 91%
Magic:  6/6        EV: 12    Int: 19    God:    Qazlal [*.....]
Gold:   9          SH:  1    Dex: 15    Spells: 5/6 levels left

rFire   . . .      SeeInvis .   (no weapon)
rCold   . . .      Faith    .   (no shield)
rNeg    . . .      Spirit   .   a - +0 robe
rPois   .          Reflect  .   (no helmet)
rElec   .          Harm     .   (no cloak)
rCorr   .          Rampage  .   (no gloves)
Will    .....                   (no boots)
Stlth   ++........              (no amulet)
HPRegen 0.03/turn               (no ring)
MPRegen 0.10/turn               (no ring)

@: no status effects
A: no striking features
a: Renounce Religion


You escaped.
You worshipped Qazlal.
Qazlal was aware of your devotion.
You visited 1 branch of the dungeon, and saw 1 of its levels.

You collected 9 gold pieces.

Inventory:

Armour
 a - a +0 robe (worn)
Potions
 b - a potion of magic


   Skills:
 - Level 2.4 Dodging
 - Level 2.4 Stealth
 + Level 3.4 Spellcasting
 - Level 1.1 Transmutations
 + Level 3.6 Earth Magic


You had 5 spell levels left.
You knew the following spells:

 Your Spells              Type           Power      Damage    Failure   Level
a - Sandblast             Erth           34%        2d9       3%          1

Your spell library contained the following spells:

 Spells                   Type           Power      Damage    Failure   Level
 Passwall                 Tmut/Erth      10%        N/A       9%          2
 Stone Arrow              Conj/Erth      20%        3d8       21%         3
 Petrify                  Tmut/Erth      12%        N/A       50%         4


Dungeon Overview and Level Annotations

Branches:
Dungeon (1/15)

Altars:
Qazlal


Message History

A goblin comes into view. It is wielding a +0 club.
The blast of sand hits the goblin!
You kill the goblin!
You can't see any susceptible monsters within range! (Use Z to cast anyway.)
The blast of sand hits the hobgoblin!
You kill the hobgoblin!
Things that are here:
a +0 club; a goblin corpse
Found a faded altar of an unknown god.
You see here 6 poisoned darts.
A bat comes into view.
A goblin comes into view. It is wielding a +0 club.
The blast of sand hits the bat.
You kill the bat!
The blast of sand misses the goblin.
The blast of sand hits the goblin.
You kill the goblin!
You see here a +0 club.
A ball python comes into view.
Found a ring mail and 9 gold pieces.
You can't see any susceptible monsters within range! (Use Z to cast anyway.)
Found a stone staircase leading down.
The blast of sand hits the ball python!
You kill the ball python!
A rat comes into view.
Found a stone staircase leading down.
The blast of sand hits the rat!
You kill the rat!
You see here a +0 ring mail.
You now have 9 gold pieces.
There is a faded altar of an unknown god here.
You cannot tell which god this altar belongs to.
Convert to them anyway?
Qazlal accepts your prayer! Qazlal welcomes you!
Qazlal grants you and your divine allies immunity to clouds.
You are now surrounded by a storm.
Magic restored.
There is a staircase leading out of the dungeon here.
Are you sure you want to leave the Dungeon?
This will make you lose the game!
You have escaped!

##............
.....##..####.#
.........).....
............_#.
............##.
...............
.....#........ #####
###..........
####8@8#####.......(..
##...○.....##..........
#8.........8#..........
#...8...8...#..........
#8.........8#.......###
##.........##.......#
.....................#
..........#####.###.##
#########..........)#


There were no monsters in sight!

Vanquished Creatures
  A ball python (D:1)
  An endoplasm (D:1)
  A hobgoblin (D:1)
  A bat (D:1)
  2 goblins (D:1)
  A rat (D:1)
7 creatures vanquished.

Notes
Turn   | Place    | Note
-------+----------+-------------------------------------------
     0 | D:1      | Heoruswealwe the Deep Elf Earth Elementalist began the
                  | quest for the Orb.
     0 | D:1      | Reached XP level 1. HP: 10/10 MP: 6/6
    35 | D:1      | Found a faded altar of an unknown god.
    73 | D:1      | Prayed at the altar of an unknown god.
    73 | D:1      | Became a worshipper of Qazlal Stormbringer
    73 | D:1      | Reached * piety under Qazlal
    93 | D:$      | Got out of the dungeon alive.

Illustrated notes

Levels and vault maps discovered:
D:1:      mrwooster_arrival_statue_2, layout_rooms, basic_ecumenical_altar,
          serial_shops, shop, minmay_box_of_dots

Action                   || total
-------------------------++-------
 Cast: Sandblast         ||     8
